 Dungeon Crawl Stone Soup version 0.27-a0-1188-g73eefd5def (webtiles) character file.

Game seed: 17067981400914021002

35 ZappyNine the Sneak (level 3, 0/19 HPs)
             Began as a Kobold Enchanter on May 20, 2021.
             Killed from afar by a white imp (11 damage)
             ... with a puff of frost
             ... summoned by Natasha
             ... on level 2 of the Dungeon.
             The game lasted 00:01:34 (1606 turns).

ZappyNine the Sneak (Kobold Enchanter)              Turns: 1606, Time: 00:01:34

Health: 0/19       AC:  2    Str: 11    XL:     3   Next: 55%
Magic:  6/6        EV: 15    Int: 16    God:
Gold:   56         SH:  0    Dex: 16    Spells: 3/6 levels left

rFire    . . .     SeeInvis .   f - +0 short sword (venom)
rCold    . . .     Faith    .   (shield restricted)
rNeg     . . .     Spirit   .   b - +0 robe
rPois    .         Reflect  .   (no helmet)
rElec    .         Harm     .   (no cloak)
rCorr    .         Rampage  .   (no gloves)
Will     .....                  (no boots)
Stlth    ++++......             (no amulet)
HPRegen  0.06/turn              c - +6 ring of strength
MPRegen  0.10/turn              (no ring)

@: no status effects
A: small, no large weapons, nightstalker 3
a: no special abilities


You were on level 2 of the Dungeon.
You visited 1 branch of the dungeon, and saw 2 of its levels.

You collected 56 gold pieces.

Inventory:

Hand Weapons
 a - a +1 dagger
 f - a +0 short sword of venom (weapon)
Armour
 b - a +0 robe (worn)
Jewellery
 c - a +6 ring of strength (left hand)
Scrolls
 d - a scroll of silence {unknown}
 e - a scroll of identify {unknown}
 h - a scroll of enchant weapon {unknown}
 i - a scroll of holy word {unknown}
 k - a scroll of blinking {unknown}
Potions
 g - 2 potions of berserk rage {unknown}
 j - a potion of flight {unknown}


   Skills:
 - Level 1.3 Short Blades
 - Level 2.4 Dodging
 + Level 6.1 Stealth
 - Level 2.1 Spellcasting
 - Level 3.0 Hexes


You had 3 spell levels left.
You knew the following spells:

 Your Spells              Type           Power      Damage    Failure   Level
a - Corona                Hex            12%        N/A       6%          1
b - Ensorcelled Hibernat  Hex/Ice        12%        N/A       17%         2

Your spell library contained the following spells:

 Spells                   Type           Power      Damage    Failure   Level
 Confusing Touch          Hex            11%        N/A       19%         3
 Tukima's Dance           Hex            11%        N/A       19%         3
 Dazzling Flash           Conj/Hex       12%        N/A       32%         3


Dungeon Overview and Level Annotations

Branches:
Dungeon (2/15)

Altars:

Annotations:
D:2 Natasha


Innate Abilities, Weirdness & Mutations

You are small and have problems with some larger weapons.
You are completely attuned to the shadows.


Message History

No target in view!
No target in view!
No target in view!
No target in view!
You see here a jackal corpse.
You open the door.
There is an open door here.
j - a black potion
Found a hand axe.
Found a dagger.
A giant cockroach comes into view.
A giant cockroach is nearby!
You see here a +0 dagger.
The helpless giant cockroach fails to defend itself.
You impale the giant cockroach!!
You kill the giant cockroach!
No target in view!
No target in view!
No target in view!
No target in view!
No target in view!
No target in view!
No target in view!
No target in view!
No target in view!
You see here a giant cockroach corpse.
k - a scroll labelled CEIDOL QUSEI Natasha, Servant of Life and Death comes into view.
Natasha hisses angrily.
Natasha casts a spell.
There are monsters nearby!
The white imp hits you. The white imp freezes you.
You closely miss the white imp. The white imp hits you.
The white imp freezes you.
Natasha mumbles some strange words.
The white imp hits you but does no damage.
The white imp gestures at you. The puff of frost hits you!
Ouch! That really hurt!
You die...

.# #.## ).# #..#
....##.#####
..........
.....)### #.#
.......# #.#
.....#.# #.#
.....#†## #.#..
....#..# #@#.#
....##.## #.#h#
#..#####5#.###
##.#.....5...#
#.#.........#
#...........#
....#.#..........
....#.#..........
....#............


You could see 2 white imps.

Vanquished Creatures
  A dart slug (D:1)
  An endoplasm (D:1)
  2 giant cockroaches
  3 goblins (D:1)
  2 hobgoblins (D:1)
  6 jackals
  2 quokkas (D:1)
  2 ball pythons (D:1)
  3 frilled lizards (D:1)
  5 kobolds (D:1)
  A rat (D:1)
28 creatures vanquished.

Notes
Turn   | Place    | Note
-------+----------+-------------------------------------------
     0 | D:1      | ZappyNine the Kobold Enchanter began the quest for the Orb.
     0 | D:1      | Reached XP level 1. HP: 10/10 MP: 3/3
   404 | D:1      | Reached XP level 2. HP: 13/15 MP: 5/5
   549 | D:1      | Reached skill level 5 in Stealth
   885 | D:1      | Reached XP level 3. HP: 19/19 MP: 6/6
  1437 | D:2      | Learned a level 2 spell: Ensorcelled Hibernation
  1504 | D:2      | Reached skill level 6 in Stealth
  1600 | D:2      | Noticed Natasha
  1606 | D:2      | Killed from afar by a white imp

Illustrated notes

Levels and vault maps discovered:
D:1:      shiori_arrival_elements, layout_basic, corexii_corridor_pit,
          minmay_hexomino_p4
D:2:      layout_basic, basic_altar, serial_bayou_crossing, uniq_natasha

Skill      XL: |  1  2  3 |
---------------+----------+-----
Stealth        | 5 6 |  6.1
Short Blades   | |  1.3
Dodging        | |  2.4
Spellcasting   | |  2.1
Hexes          | |  3.0

Action                   || total
-------------------------++-------
Melee: Dagger            ||    17
       Short sword       ||    50
 Cast: Corona            ||     1
 Stab: Sleeping          ||    11
       Distracted        ||     1
Armor: Robe              ||     6
Dodge: Dodged            ||    54

Table legend: (Time is in decaauts)
 A = Elapsed time spent in this place.
 B = Non-inter-level travel time spent in this place.
 C = Inter-level travel time spent in this place.
 D = Time resting spent in this place.
 E = Time spent auto-exploring this place.
 F = Levels seen in this place.
 G = Mean time per level.
                   A        B        C        D        E       F      G
               +--------+--------+--------+--------+--------+-----+--------+
         Total |   1605 |   1577 |     28 |    233 |   1166 |   2 |  802.5 |
       Dungeon |   1605 |   1577 |     28 |    233 |   1166 |   2 |  802.5 |
               +--------+--------+--------+--------+--------+-----+--------+

Top non-repeatable levels by time:
     D:1: 1432 daAuts
     D:2: 173 daAuts
